 Dungeon Crawl Stone Soup version 0.24-a0-520-g8fd06ad0bc (webtiles) character file.

Game seed: 10497044294223513827

13673 Gargoyl the Protected (level 11, -6/91 HPs)
             Began as a Centaur Abyssal Knight on July 26, 2019.
             Was a Priest of Lugonu.
             Killed from afar by Nergalle (25 damage)
             ... with a bolt of negative energy
             ... on level 2 of the Lair of Beasts.
             The game lasted 00:21:44 (15905 turns).

Gargoyl the Protected (Centaur Abyssal Knight)     Turns: 15905, Time: 00:21:46

Health: -6/91      AC: 22    Str: 17    XL:     11   Next: 78%
Magic:  17/17      EV:  0    Int: 14    God:    Lugonu [***...]
Gold:   362        SH:  7    Dex: 10    Spells: 10/10 levels left

rFire    . . .     SeeInvis +   a - +6 hand axe (chop)
rCold    . . .     Gourm    .   f - +0 shield
rNeg     . . .     Faith    .   y - +0 plate armour
rPois    +         Spirit   .   F - +2 hat
rElec    .         Reflect  .   t - +0 cloak
rCorr    .         Harm     .   q - +2 pair of gloves
MR       .....                  g - +0 centaur barding
Stlth    ..........             l - amulet of the acrobat
HPRegen  0.25/turn              i - ring of see invisible
MPRegen  0.15/turn              m - +3 ring of intelligence

@: studying Unarmed Combat, heavily drained, invisible, very quick
A: large, hooves 3, deformed body, speed 2, poison resistance, tough skin 3,
wild magic 1
a: Depart the Abyss, Bend Space, Banish, Renounce Religion


You were on level 2 of the Lair of Beasts.
You worshipped Lugonu.
Lugonu was most pleased with you.
You were not hungry.

You visited 2 branches of the dungeon, and saw 11 of its levels.
You visited the Abyss 1 time.

You collected 564 gold pieces.
You spent 202 gold pieces at shops.

Inventory:

Hand Weapons
 a - a +6 hand axe of chopping (weapon)
Missiles
 H - 3 javelins (quivered)
Armour
 f - a +0 shield (worn)
 g - a +0 centaur barding (worn)
 q - a +2 pair of gloves (worn)
 t - a +0 cloak (worn)
 y - a +0 plate armour (worn)
 F - a +2 hat (worn)
Jewellery
 i - a ring of see invisible (left hand)
 l - an amulet of the acrobat (around neck)
 m - a +3 ring of intelligence (right hand)
 D - an uncursed ring of wizardry
Wands
 n - a wand of digging (8)
 A - a wand of disintegration (11)
 B - a wand of iceblast (11)
 G - a wand of flame (9)
Scrolls
 e - a scroll of magic mapping
 o - a scroll of identify
 p - 9 scrolls of remove curse
 r - a scroll of fog
 u - 2 scrolls of fear
 x - 2 scrolls of teleportation
Potions
 b - 4 potions of resistance
 d - a potion of agility
 h - a potion of cancellation
 j - a potion of flight
 k - a potion of curing
 s - a potion of ambrosia
 v - a potion of might
 w - 2 potions of magic {unknown}
 C - 2 potions of mutation
 E - a potion of invisibility
Books
 z - a manual of Unarmed Combat
Comestibles
 c - 10 rations


   Skills:
 + Level 6.5(3.6) Fighting
 + Level 8.6(5.6) Axes
 * Level 8.8(5.8) Armour
 * Level 5.8(3.0) Dodging
 + Level 1.8(0.0) Shields
 * Level 8.2(5.2) Invocations
 + Level 2.2(0.0) Evocations


You had 10 spell levels left.
You didn't know any spells.
Your spell library contained the following spells:

 Spells                   Type           Power        Failure   Level  Hunger
 Animate Skeleton         Necr           N/A          100%        1    ##.....
 Apportation              Tloc           #.....       100%        1    ##.....
 Confusing Touch          Hex            #.....       100%        1    ##.....
 Pain                     Necr           #...         100%        1    ##.....
 Summon Small Mammal      Summ           #...         100%        1    ##.....
 Regeneration             Chrm/Necr      #.........   100%        3    ####...
 Vampiric Draining        Necr           #.........   100%        3    ####...
 Animate Dead             Necr           N/A          100%        4    #####..
 Cause Fear               Hex            #.........   100%        4    #####..
 Silence                  Hex/Air        #.........   100%        5    ######.
 Yara's Violent Unravell  Hex/Tmut       #.........   100%        5    ######.
 Deflect Missiles         Chrm/Air       #.........   100%        6    #######
 Discord                  Hex            #.........   100%        8    #######


Dungeon Overview and Level Annotations

Branches:
Dungeon (9/15)             Temple (0/1) D:7            Lair (2/6) D:9
  Swamp: Lair:2-4    Shoals: Lair:2-4     Snake: Lair:2-4    Spider: Lair:2-4
    Orc: D:9-12

Altars:
Elyvilon
Fedhas
Kikubaaqudgha
Makhleb
Vehumet
Wu Jian
Xom

Shops:
D:6 [

Annotations:
Lair:2 Nergalle


Innate Abilities, Weirdness & Mutations

You have hooves in place of feet.
Armour fits poorly on your strangely shaped body.
You cover ground very quickly.
You have extremely tough skin. (AC +3)
Your system is resistant to poisons. (rPois)
Your spells are a little harder to cast, but a little more powerful.


Message History

The bolt of negative energy hits the spectral orc warrior.
The spectral orc warrior completely resists.
The bolt of negative energy hits the spectral orc knight.
The spectral orc knight completely resists.
The spectral orc warrior hits you but does no damage. x2
You feel better.
You block the spectral orc warrior's attack.
The spectral orc warrior hits you but does no damage.
The spectral orc warrior hits you with a +0 dire flail.
* * * LOW HITPOINT WARNING * * *
The spectral orc knight hits you but does no damage.
Nergalle hits you but does no damage.
The spectral orc warrior hits you but does no damage.
It was a potion of invisibility.
You fade into invisibility!
The spectral orc warrior hits you but does no damage. x3
You block the spectral orc warrior's attack.
Nergalle points at you and mumbles some strange words.
The bolt of negative energy hits you!!
You feel drained.
You die...

..# ###........#
.## #.....≈≈...####
..###....≈≈≈≈≈≈.≈≈#
.##....≈≈≈≈≈≈≈≈≈.##
.....#.≈≈≈≈≈≈≈≈≈.##
.#.###≈≈≈≈≈.≈≈≈≈..#
#### #.≈≈≈.>≈≈≈≈Z##
## ..≈≈≈...≈≈ZZ#
.### #.≈≈≈≈≈≈≈≈Z@#
...##...≈≈≈≈≈≈≈ZoZ#
....[.# ≈≈≈≈≈≈.Z##
....### .≈.≈....#
...## .####.#.#
#.## ##... #..##
###### ..#
#...#####..#.#..##
.....##........


You could see Nergalle, a spectral orc, 5 spectral orc warriors and a spectral
orc knight.

Vanquished Creatures
  Gastronok (Lair:1)
  2 two-headed ogres (D:9)
  Pikel (D:7)
  3 spiny frogs
  3 gargoyles (D:7)
  2 komodo dragons (Lair:2)
  Prince Ribbit (D:6)
  Grinder (D:6)
  A hippogriff (D:9)
  5 blink frogs (Lair:1)
  A wyvern (D:8)
  3 yaks (D:9)
  Grum (Lair:1)
  2 hungry ghosts (D:9)
  2 water moccasins
  4 porcupines
  A slave (D:7)
  An orc warrior (D:7)
  3 sky beasts
  3 ice beasts
  2 phantoms (D:5)
  2 necrophages
  4 wolves
  2 ogres
  5 centaurs
  4 crocodiles
  2 big kobolds (D:9)
  5 bullfrogs
  2 scorpions (D:8)
  A howler monkey (D:9)
  4 crimson imps
  A bullfrog zombie (D:5)
  3 bullfrog skeletons
  A jelly (D:6)
  4 hounds
  2 orc priests (D:8)
  Crazy Yiuf (D:6)
  8 orc wizards
  2 centaur skeletons
  6 worker ants
  A hound skeleton (D:8)
  A howler monkey zombie (D:5)
  2 worker ant zombies
  9 adders
  A howler monkey skeleton (D:8)
  2 shadow imps (D:5)
  2 oozes
  3 worms
  A dart slug (D:2)
  5 leopard geckos
  39 orcs
  2 ball pythons (D:3)
  7 bats
  6 giant cockroaches
  4 goblins
  5 hobgoblins
  8 jackals
  3 quokkas
  3 frilled lizards
  2 giant cockroach zombies (D:6)
  A jackal skeleton (D:8)
  13 kobolds
  A quokka skeleton (D:5)
  A quokka zombie (D:9)
  3 rats
  6 fungi
233 creatures vanquished.

Vanquished Creatures (others)
  A two-headed ogre (D:7)
  A black mamba (Lair:2)
  A gargoyle (D:7)
  A komodo dragon (Lair:2)
  2 orc warriors (D:8)
  2 slaves (D:7)
  2 fungi (Lair:2)
10 creatures vanquished.

Grand Total: 243 creatures vanquished

Notes
Turn   | Place    | Note
-------+----------+-------------------------------------------
     0 | Abyss:1  | Gargoyl the Centaur Abyssal Knight began the quest for the
                  | Orb.
     0 | Abyss:1  | Reached XP level 1. HP: 19/19 MP: 2/2
    65 | Abyss:1  | Noticed a small abomination
    85 | Abyss:1  | Found a corrupted altar of Lugonu.
   132 | Abyss:2  | Noticed a small abomination
   147 | Abyss:3  | Noticed a thrashing horror
   147 | Abyss:3  | Noticed a thrashing horror
   149 | Abyss:3  | Noticed a thrashing horror
   152 | D:1      | Escaped the Abyss
   390 | D:1      | Reached * piety under Lugonu
   390 | D:1      | Reached XP level 2. HP: 26/26 MP: 3/3
  1141 | D:3      | Reached skill level 1 in Dodging
  1316 | D:2      | Reached XP level 3. HP: 19/31 MP: 4/4
  1629 | D:2      | Found an ancient bone altar of Kikubaaqudgha.
  1791 | D:2      | Found a burning altar of Makhleb.
  1797 | D:2      | Found a radiant altar of Vehumet.
  2423 | D:3      | Reached XP level 4. HP: 25/38 MP: 5/5
  3352 | D:4      | Reached ** piety under Lugonu
  3511 | D:4      | Reached XP level 5. HP: 43/45 MP: 6/6
  4038 | D:4      | Found a blossoming altar of Fedhas.
  4244 | D:5      | Entered Level 5 of the Dungeon
  4556 | D:5      | Reached XP level 6. HP: 46/52 MP: 8/8
  4605 | D:5      | Noticed an ice beast
  4623 | D:5      | Killed an ice beast
  5279 | D:5      | Reached XP level 7. HP: 54/58 MP: 9/9
  6197 | D:6      | Noticed Prince Ribbit
  6424 | D:7      | Noticed Pikel
  6466 | D:7      | Killed Pikel
  6466 | D:7      | Reached XP level 8. HP: 12/67 MP: 11/11
  6645 | D:7      | Reached skill level 5 in Armour
  6795 | D:7      | Reached skill level 5 in Axes
  6866 | D:7      | Found a staircase to the Ecumenical Temple.
  7122 | D:7      | Noticed a gargoyle
  7434 | D:6      | Found Qarete's Antique Armour Shop.
  7435 | D:6      | Noticed Grinder
  7705 | D:6      | Gained mutation: You are frail. (-10% HP) [potion of
                  | mutation]
  7705 | D:6      | Gained mutation: You are resistant to hostile enchantments.
                  | (MR+) [potion of mutation]
  7707 | D:6      | Lost mutation: You are frail. (-10% HP) [potion of
                  | mutation]
  7707 | D:6      | Lost mutation: You are resistant to hostile enchantments.
                  | (MR+) [potion of mutation]
  7707 | D:6      | Gained mutation: Your system is resistant to poisons.
                  | (rPois) [potion of mutation]
  7707 | D:6      | Gained mutation: Your spells are a little harder to cast,
                  | but a little more powerful. [potion of mutation]
  7733 | D:6      | Killed Prince Ribbit
  7733 | D:6      | Reached skill level 5 in Invocations
  7733 | D:6      | Reached skill level 1 in Evocations
  7956 | D:6      | Reached *** piety under Lugonu
  8519 | D:6      | Reached XP level 9. HP: 50/72 MP: 12/12
  8765 | D:6      | Paralysed by something for 5 turns
  8998 | D:6      | Killed Grinder
  9179 | D:6      | Found an ornate altar of the Wu Jian Council.
  9230 | D:6      | Bought a pair of runed gloves for 202 gold pieces
  9463 | D:6      | Found a runed translucent door.
  9464 | D:6      | Noticed Crazy Yiuf
  9558 | D:6      | Killed Crazy Yiuf
  9695 | D:7      | Noticed a gargoyle
  9711 | D:7      | Banished a gargoyle
  9977 | D:7      | Noticed a gargoyle
  9981 | D:7      | Killed a gargoyle
  9986 | D:7      | Noticed a gargoyle
  9989 | D:7      | Killed a gargoyle
  9989 | D:7      | Reached skill level 5 in Fighting
 10066 | D:7      | Killed a gargoyle
 10470 | D:8      | Reached XP level 10. HP: 81/81 MP: 14/14
 10485 | D:8      | Noticed a two-headed ogre
 10641 | D:7      | Banished a two-headed ogre
 11228 | D:8      | Got a transparent battleaxe
 11320 | D:8      | Identified the +2 battleaxe "Beetlebane" {freeze, MP+9
                  | Dex+3} (You found it on level 8 of the Dungeon)
 11527 | D:8      | Found a blossoming altar of Fedhas.
 11546 | D:8      | Reached skill level 1 in Shields
 11920 | D:9      | Found a white marble altar of Elyvilon.
 12043 | D:9      | Found a staircase to the Lair.
 12206 | D:9      | Found a shimmering altar of Xom.
 12217 | D:9      | Noticed a two-headed ogre
 12411 | D:9      | Noticed a two-headed ogre
 12423 | D:9      | Killed a two-headed ogre
 12589 | D:9      | Killed a two-headed ogre
 12589 | D:9      | Reached skill level 5 in Dodging
 12870 | Lair:1   | Entered Level 1 of the Lair of Beasts
 12870 | Lair:1   | Noticed Gastronok
 12881 | D:9      | Reached XP level 11. HP: 55/89 MP: 16/16
 13191 | Lair:1   | Killed Gastronok
 13449 | Lair:1   | Noticed Grum
 13769 | Lair:1   | Killed Grum
 13778 | Lair:1   | Reached **** piety under Lugonu
 15880 | Lair:2   | Noticed Nergalle
 15905 | Lair:2   | Killed from afar by Nergalle

Levels and vault maps discovered:
D:1:      lightli_arrival_quake, layout_basic, minivault_23
D:2:      layout_loops_cross, minitemple, lemuel_crystal_altar
D:3:      minmay_spotlight, layout_basic
D:4:      layout_basic, fedhas_altar_fruit_tree
D:5:      layout_loops_ring, first_ration, minmay_fractal_squares_5
D:6:      layout_rooms, serial_shops, shop, basic_altar,
          lightli_ossuary_entry_decrepit_ruins, uniq_prince_ribbit1,
          uniq_crazy_yiuf_cottage, uniq_grinder
D:7:      cheibrodos_statue_roulette, layout_cave_pools,
          minmay_temple_entry_overgrown, uniq_pikel
D:8:      layout_rooms, kennysheep_mini_moat
D:9:      layout_roguey, xom_teletrap_fun, elyvilon_altar_5, dpeg_oklobed_lair
Lair:1:   layout_cave_shapes, uniq_gastronok, uniq_grum
Lair:2:   layout_layer_cave, gauntlet_entry_generic,
          infiniplex_staircase_pool_2, uniq_nergalle

Skill      XL: |  1  2  3  4  5  6  7  8  9 10 11 |
---------------+----------------------------------+-----
Dodging        | 1 2 3 4 5 |  5.8
Axes           | 2 3 4 5 6 7 8 |  8.6
Armour         | 2 3 4 5 6 7 8 |  8.8
Invocations    | 3 4 5 6 7 8 |  8.2
Fighting       | 4 5 6 |  6.5
Evocations     | 1 2 |  2.2
Shields        | 1 |  1.8

Action                   |  1- 3 |  4- 6 |  7- 9 | 10-12 || total
-------------------------+-------+-------+-------+-------++-------
Melee: Hand axe          |    80 |   193 |   328 |   445 ||  1046
       Kick              |    10 |    34 |    66 |    96 ||   206
Invok: Depart the Abyss  |     1 |       |       |       ||     1
       Banish            |       |       |     2 |     6 ||     8
Evoke: Wand              |       |       |    36 |     1 ||    37
  Use: Scroll            |     5 |     8 |    10 |     6 ||    29
       Potion            |       |     2 |    13 |     4 ||    19
 Stab: Paralysed         |       |       |     6 |       ||     6
  Eat: Chunk             |     2 |     5 |     9 |    16 ||    32
       Ration            |       |     1 |     2 |     5 ||     8
Armor: Leather armour    |    18 |       |       |       ||    18
       Chain mail        |    46 |   132 |    45 |       ||   223
       Plate armour      |       |       |   196 |   387 ||   583
Dodge: Dodged            |    24 |    72 |    69 |    65 ||   230
Block: Shield            |       |       |    25 |   117 ||   142

Table legend:
 A = Non-vault XP
 B = Vault XP
 C = Vault XP percentage of total XP
 D = Non-vault monster count
 E = Vault monster count
 F = Vault count percentage of total count
                 A         B        C        D         E       F
            +---------+---------+-------+---------+---------+-------
      Total |   13780 |    5754 |  29.5 |     208 |      24 |  10.3
            +---------+---------+-------+---------+---------+-------
        D:1 |      30 |       0 |   0.0 |      14 |       0 |   0.0
        D:2 |      44 |       0 |   0.0 |      11 |       0 |   0.0
        D:3 |      68 |       6 |   8.1 |      16 |       4 |  20.0
        D:4 |     142 |       0 |   0.0 |       7 |       0 |   0.0
        D:5 |     955 |      14 |   1.4 |      26 |       6 |  18.8
        D:6 |     576 |     581 |  50.2 |      19 |       3 |  13.6
        D:7 |     891 |    2212 |  71.3 |      13 |       5 |  27.8
        D:8 |    1505 |       0 |   0.0 |      31 |       0 |   0.0
        D:9 |    4311 |       0 |   0.0 |      47 |       0 |   0.0
     Lair:1 |    2561 |    2591 |  50.3 |      11 |       3 |  21.4
     Lair:2 |    2697 |     350 |  11.5 |      13 |       3 |  18.8
            +---------+---------+-------+---------+---------+-------
